 Dungeon Sprint DCSS version 0.32-a0-876-gcfddb08e57 (webtiles) character file.

Game seed: 4192517405952785476

438 Conn the Sneak (level 7, -9/49 HPs)
             Began as an Octopode Fire Elementalist on Apr 1, 2024.
             Was an Elder of Sif Muna.
             Mangled by a hornet (17 damage)
             ... in the Dungeon (Sprint VII: "The Pits").
             The game lasted 00:04:06 (554 turns).

Conn the Sneak (Octopode Fire Elementalist)          Turns: 554, Time: 00:04:07

Health: -9/49      AC:  1    Str:  7    XL:     7   Next: 1%
Magic:  6/16       EV: 14    Int: 19    God:    Sif Muna [****..]
Gold:   0          SH:  0    Dex: 13    Spells: 9/19 levels left

rFire   . . .        g - +2 falchion
rCold   . . .        (no shield)
rNeg    . . .        (helmet restricted)
rPois   .            (no amulet)
rElec   .            (no ring)
rCorr   .            (no ring)
SInv    .            (no ring)
Will    .....        (no ring)
Stlth   ++++         (no ring)
HPRegen 0.28/turn    (no ring)
MPRegen 0.15/turn    (no ring)
                     (no ring)

%: no teleportation
@: slowed, very slow
A: almost no armour, amphibious, 8 rings, camouflage 1, gelatinous body 1,
(nimble swimmer 1), tentacles
a: Renounce Religion, Channel Magic, Forget Spell, Divine Exegesis


You were in the Dungeon.
You worshipped Sif Muna.
Sif Muna was greatly pleased with you.
You visited 1 branch

Inventory:

Hand Weapons
 g - a +2 falchion (weapon)
Potions
 a - 3 potions of magic
 b - 4 potions of curing
 c - 6 potions of heal wounds


   Skills:
 + Level 4.6 Fighting
 + Level 5.1 Dodging
 + Level 7.2 Stealth
 * Level 6.5 Spellcasting
 * Level 6.6 Conjurations
 + Level 5.9 Fire Magic
 + Level 5.0 Invocations


You had 9 spell levels left.
You knew the following spells:

 Your Spells              Type           Power      Damage    Failure   Level
a - Foxfire               Conj/Fire      100%       2x1d9     1%          1
b - Scorch                Fire           56%        2d7       1%          2
c - Inner Flame           Hex/Fire       17%        N/A       10%         3
d - Flame Wave            Conj/Fire      30%        2d9       8%          4

Your spell library contained the following spells:

 Spells                   Type           Power      Damage    Failure   Level
 Volatile Blastmotes      Fire/Tloc      34%        2d12      10%         3


Dungeon Overview and Level Annotations

Branches:
Dungeon (1/1)

Altars:
Ashenzari
Cheibriados
Dithmenos
Elyvilon
Fedhas
Gozag
Hepliaklqana
Kikubaaqudgha
Makhleb
Nemelex Xobeh
Okawaru
Qazlal
Ru
Sif Muna
Trog
Uskayaw
Vehumet
Wu Jian
Xom
Yredelemnul
Zin
The Shining One
Beogh
Jiyva
Lugonu


Innate Abilities, Weirdness & Mutations

You cannot wear most types of armour.
You are amphibious.
You can wear up to eight rings at the same time.
Your skin changes colour to match your surroundings (Stealth+).
Your rubbery body absorbs attacks. (AC +1, EV +1)
((You are camouflaged when in or above water. (Stealth+)))
You have tentacles for arms and can constrict up to eight enemies at once.


Message History

You are more poisoned.
You feel as though you will be slow longer.
Unknown command.
Blink to where?
Press: ? - help, Dir - move target
As you read the scroll of blinking, it crumbles to dust.
* * * LOW HITPOINT WARNING * * *
You feel very sick.
Unknown command.
You feel better.
The hornet is no longer more vulnerable to fire.
Okay, then.
Unknown command.
Unknown command.
Okay, then.
Unknown command.
Unknown command.
Casting: Scorch (safe; 1% risk of failure)
Confirm with . or Enter, or press ? or * to list all spells.
Flames lash the hornet.
The hornet is moderately wounded.
The hornet's fire resistance burns away.
Casting: Scorch (safe; 1% risk of failure)
Confirm with . or Enter, or press ? or * to list all spells.
Casting: Flame Wave (dangerous; 8% risk of failure)
Press: ? - help, Dir - look around, f - activate A wave of flame ripples out!
The flame wave engulfs the hornet!
The hornet is burned terribly!
The hornet is heavily wounded. (Press . to intensify the flame waves.)
You feel yourself speed up. The hornet stings you.
You feel yourself slow down. The hornet stings you!
* * * LOW HITPOINT WARNING * * *
You feel as though you will be slow longer.
A wave of flame ripples out!
The flame wave engulfs the hornet but does no damage.
The hornet is heavily wounded.
The hornet is no longer more vulnerable to fire.
The hornet stings you!
You die...

#.#..[)))..##.....
#'###########.....
#.......# ######
#..###..#
#.......#
##.###.##+#
#.......#.+
#..###..#'#
#@y.....'†#
###########


You could see a hornet.

Vanquished Creatures
  A fire bat (D)
  2 weeping skulls (D)
  A brain worm (D)
  Blork the orc (D)
  A hound (D)
  2 river rats (D)
  An ufetubus (D)
  An adder zombie (D)
  An orc (D)
  A ball python (D)
  A bat (D)
  A bat zombie (D)
  A quokka (D)
  A quokka zombie (D)
  A rat (D)
17 creatures vanquished.

Vanquished Creatures (others)
  13 foxfires (D)
13 creatures vanquished.

Grand Total: 30 creatures vanquished

Notes
Turn   | Place    | Note
-------+----------+-------------------------------------------
     0 | D        | Conn the Octopode Fire Elementalist began the quest for the
                  | Orb.
     0 | D        | Reached XP level 1. HP: 11/11 MP: 3/3
    29 | D        | Found a glowing golden altar of the Shining One.
    29 | D        | Found a glowing silver altar of Zin.
    29 | D        | Found a basalt altar of Yredelemnul.
    29 | D        | Found a shimmering altar of Xom.
    29 | D        | Found an ornate altar of the Wu Jian Council.
    29 | D        | Found a bloodstained altar of Trog.
    29 | D        | Found a shimmering blue altar of Sif Muna.
    29 | D        | Found a sacrificial altar of Ru.
    29 | D        | Found a stormy altar of Qazlal.
    29 | D        | Found an iron altar of Okawaru.
    29 | D        | Found a sparkling altar of Nemelex Xobeh.
    29 | D        | Found a burning altar of Makhleb.
    29 | D        | Found a viscous altar of Jiyva.
    29 | D        | Found a hazy altar of Hepliaklqana.
    29 | D        | Found an opulent altar of Gozag.
    29 | D        | Found a blossoming altar of Fedhas.
    29 | D        | Found a white marble altar of Elyvilon.
    29 | D        | Found a shadowy altar of Dithmenos.
    29 | D        | Found a snail-covered altar of Cheibriados.
    30 | D        | Found a radiant altar of Vehumet.
    30 | D        | Found a corrupted altar of Lugonu.
    30 | D        | Found a roughly hewn altar of Beogh.
    31 | D        | Found an ancient bone altar of Kikubaaqudgha.
    31 | D        | Found a hide-covered altar of Uskayaw.
    31 | D        | Found a broken altar of Ashenzari.
    32 | D        | Became a worshipper of Sif Muna the Loreminder
    51 | D        | Reached skill level 3 in Stealth
    51 | D        | Reached skill level 1 in Invocations
    51 | D        | Reached XP level 2. HP: 18/18 MP: 0/5
    56 | D        | Learned a level 2 spell: Scorch
   105 | D        | Reached skill level 1 in Fighting
   105 | D        | Reached * piety under Sif Muna
   119 | D        | Reached ** piety under Sif Muna
   161 | D        | Noticed a weeping skull
   170 | D        | Killed a weeping skull
   171 | D        | Reached skill level 4 in Stealth
   171 | D        | Reached XP level 3. HP: 25/25 MP: 1/8
   171 | D        | Reached XP level 4. HP: 30/30 MP: 1/10
   361 | D        | Learned a level 3 spell: Inner Flame
   366 | D        | Learned a level 4 spell: Flame Wave
   367 | D        | Noticed a weeping skull
   367 | D        | Noticed a fire bat
   372 | D        | Killed a fire bat
   372 | D        | Reached *** piety under Sif Muna
   373 | D        | Reached skill level 6 in Stealth
   373 | D        | Reached skill level 5 in Spellcasting
   373 | D        | Reached skill level 5 in Conjurations
   373 | D        | Reached skill level 5 in Fire Magic
   373 | D        | Reached XP level 5. HP: 36/36 MP: 7/12
   375 | D        | Reached XP level 6. HP: 43/43 MP: 8/14
   382 | D        | Noticed Blork the orc
   398 | D        | Killed Blork the orc
   398 | D        | Reached **** piety under Sif Muna
   439 | D        | Reached skill level 7 in Stealth
   539 | D        | Reached skill level 5 in Dodging
   539 | D        | Reached skill level 5 in Invocations
   539 | D        | Reached XP level 7. HP: 47/49 MP: 16/16
   546 | D        | Noticed a hornet
   548 | D        | Paralysed by a hornet for 1 turns
   554 | D        | Mangled by a hornet

Illustrated notes

Levels and vault maps discovered:
D:        pitsprint [storerooms_1, entrance_room_1, metal_vault_7, armoury_2,
          mini_pit_1, grid_room_1, main_hall_1, silver_pit, the_coven_2,
          the_vestibule_1, steel_vault_3, golden_pit, hallway_of_sentries,
          crystal_vault_1, iron_vault_2, final_vault]

Skill      XL: |  1  2  3  4  5  6 |
---------------+-------------------+-----
Stealth        | 3 4 6 7 |  7.2
Invocations    | 1 2 3 4 5 |  5.0
Fighting       | 2 3 4 |  4.6
Conjurations   | 3 5 6 |  6.6
Spellcasting   | 4 5 6 |  6.5
Dodging        | 3 4 5 |  5.1
Fire Magic     | 4 5 |  5.9

Action                     |  1- 3 |  4- 6 |  7- 9 || total
---------------------------+-------+-------+-------++-------
  Melee: Falchion          |    11 |    11 |       ||    22
         Constrict         |     2 |     3 |       ||     5
         Tentacles         |     2 |     3 |       ||     5
   Cast: Foxfire           |     9 |       |       ||     9
         Scorch            |     3 |     8 |     3 ||    14
         Inner Flame       |       |     2 |       ||     2
         Flame Wave        |       |       |     1 ||     1
    Use: Potion            |       |     2 |     2 ||     4
         Scroll            |       |       |     1 ||     1
   Stab: Sleeping          |       |     1 |       ||     1
 Armour: Skin              |       |     4 |     8 ||    12
  Dodge: Dodged            |     5 |    16 |       ||    21

Table legend: (Time is in decaauts)
 A = Elapsed time spent in this place.
 B = Non-inter-level travel time spent in this place.
 C = Inter-level travel time spent in this place.
 D = Time resting spent in this place.
 E = Time spent auto-exploring this place.
 F = Levels seen in this place.
 G = Mean time per level.
                   A        B        C        D        E       F      G
               +--------+--------+--------+--------+--------+-----+--------+
         Total |    553 |    553 |      0 |    313 |      0 |   1 |  553.0 |
       Dungeon |    553 |    553 |      0 |    313 |      0 |   1 |  553.0 |
               +--------+--------+--------+--------+--------+-----+--------+

Top non-repeatable levels by time:
       D: 553 daAuts
